[Event "Czech open A"]
[Site "?"]
[Date "2013.07.19"]
[Round "1.45"]
[White "Majer-Jun., Jiri"]
[Black "Toth, Ervin"]
[Result "0-1"]
[ECO "E68"]
[WhiteElo "2252"]
[BlackElo "2471"]
[Annotator "Doe,John"]
[PlyCount "102"]
[EventDate "2013.??.??"]
[TimeControl "6000+960"]
[WhiteClock "0:02:45"]
[BlackClock "0:38:47"]

1. d4 Nf6 2. Nf3 g6 3. g3 Bg7 4. Bg2 O-O 5. O-O d6 6. c4 Nbd7 7. Nc3 e5 8. e4
exd4 9. Nxd4 Re8 10. Re1 Nc5 11. f3 c6 12. Be3 a5 13. Qd2 a4 14. Rad1 Qa5 15.
Nde2 Bf8 16. Nf4 Nfd7 17. Qf2 Ne5 18. Bf1 Kh8 19. Bd4 Bg7 20. a3 Qc7 21. Kg2 b6
22. Nd3 Kg8 23. Nxe5 dxe5 24. Bxc5 bxc5 25. Qxc5 Qb7 26. Qf2 Be6 27. Qc2 Qa7
28. Qf2 Qa5 29. Rd6 Rec8 30. Qc2 Bf8 31. Rdd1 Rcb8 32. Bd3 Rb3 33. Rb1 Rab8 34.
Rec1 Bc5 35. f4 exf4 36. gxf4 Be3 37. Rf1 Bd4 38. f5 Bd7 39. Kh1 Qe5 40. Qg2
Bxc3 41. bxc3 Rxb1 42. Bxb1 Qxc3 43. Qc2 Qxa3 44. Qd2 Qh3 45. Rd1 Qf3+ 46. Kg1
Qg4+ 47. Kf1 Rb3 48. Bd3 Be8 49. c5 a3 50. fxg6 hxg6 51. e5 Rb2 0-1

[Event "Czech open A"]
[Site "?"]
[Date "2013.07.19"]
[Round "1.46"]
[White "Bryzgalin, Kirill"]
[Black "Koykka, Pekka"]
[Result "1-0"]
[ECO "D11"]
[WhiteElo "2470"]
[BlackElo "2250"]
[PlyCount "118"]
[EventDate "2013.??.??"]
[TimeControl "6000+1085"]
[WhiteClock "0:47:46"]

1. d4 d5 2. c4 c6 3. Nf3 Nf6 4. Qb3 dxc4 5. Qxc4 Bf5 6. g3 e6 7. Bg2 Be7 8. O-O
O-O 9. e3 Nbd7 10. Qe2 Ne4 11. Ne1 c5 12. f3 Nef6 13. e4 Bg6 14. dxc5 Bxc5+ 15.
Kh1 e5 16. Nc3 Re8 17. Nd3 Bb6 18. Rd1 Qe7 19. Bh3 h6 20. Be3 Rad8 21. Rac1
Bxe3 22. Qxe3 a6 23. a3 Nb8 24. Nb4 Nc6 25. Nxc6 bxc6 26. Bf1 a5 27. Na4 Rxd1
28. Rxd1 Rd8 29. Rd2 Nh7 30. Be2 Ng5 31. Rxd8+ Qxd8 32. Nc5 Qb6 33. Qc3 Qd8 34.
Kg2 f6 35. h4 Nh7 36. Nb7 Qb6 37. Nxa5 Be8 38. Qb3+ Qxb3 39. Nxb3 Kf8 40. Kf2
Ke7 41. Nc5 Kd6 42. b4 Bf7 43. Bf1 Nf8 44. Bh3 Kc7 45. Ke3 Bc4 46. Bf5 Kd6 47.
a4 Kc7 48. h5 Bf7 49. g4 Kd6 50. a5 Kc7 51. f4 g6 52. hxg6 exf4+ 53. Kxf4 Bxg6
54. Bxg6 Nxg6+ 55. Kf5 Ne5 56. Kxf6 Nxg4+ 57. Kg6 Ne3 58. e5 Nd5 59. e6 Kd6 1-0

[Event "Czech open A"]
[Site "?"]
[Date "2013.07.19"]
[Round "1.47"]
[White "Gruenter, Martin"]
[Black "Kovalev, Andrei"]
[Result "0-1"]
[ECO "B22"]
[WhiteElo "2248"]
[BlackElo "2470"]
[PlyCount "70"]
[EventDate "2013.??.??"]
[TimeControl "6000+1020"]
[WhiteClock "0:00:41"]
[BlackClock "0:20:28"]

1. e4 c5 2. c3 d6 3. d4 Nf6 4. Bd3 Nc6 5. Nf3 e5 6. dxc5 d5 7. Bb5 Bxc5 8. exd5
Nxd5 9. Nxe5 O-O 10. Nxc6 bxc6 11. Be2 Qh4 12. O-O Rd8 13. Qb3 a5 14. c4 Re8
15. Qf3 Nf6 16. h3 Bxh3 17. Qxh3 Qxh3 18. gxh3 Rxe2 19. Nc3 Rc2 20. Bg5 Bd4 21.
Rad1 Bxc3 22. bxc3 Ne4 23. Be3 Rxa2 24. Rd7 a4 25. Rfd1 h6 26. Re7 Nf6 27. Bd4
a3 28. Bxf6 gxf6 29. Rdd7 Kg7 30. Rxf7+ Kg6 31. Rg7+ Kf5 32. Rd6 Ra1+ 33. Kg2
a2 34. Kf3 Rc1 35. Rf7 Rxc3+ 0-1

[Event "Czech open A"]
[Site "?"]
[Date "2013.07.19"]
[Round "1.48"]
[White "Richter, Michael"]
[Black "Mukashev, Assan"]
[Result "1/2-1/2"]
[ECO "E00"]
[WhiteElo "2470"]
[BlackElo "2247"]
[PlyCount "98"]
[EventDate "2013.??.??"]
[TimeControl "6000+1060"]
[WhiteClock "0:11:30"]
[BlackClock "1:07:20"]

1. d4 e6 2. c4 Nf6 3. Nc3 b6 4. e4 Bb7 5. Bd3 Bb4 6. f3 O-O 7. Nge2 d5 8. cxd5
exd5 9. e5 Nfd7 10. a3 Be7 11. f4 c5 12. Be3 cxd4 13. Nxd4 Nc5 14. Bc2 Nc6 15.
O-O Nxd4 16. Bxd4 Ne6 17. Kh1 f5 18. exf6 Bxf6 19. Bxf6 Qxf6 20. Nxd5 Qd8 21.
Bb3 Kh8 22. f5 Nc5 23. Ba2 Qg5 24. Qf3 Rad8 25. b4 Nd7 26. Qf4 Qxf4 27. Nxf4
Rxf5 28. Ne6 Rxf1+ 29. Rxf1 Rc8 30. Bb3 Rc3 31. Nd4 Rd3 32. Rd1 Ne5 33. Rxd3
Nxd3 34. Kg1 g6 35. Nb5 a5 36. Nd6 axb4 37. axb4 Bc6 38. b5 Bd7 39. Bd5 Nb4 40.
Bc4 Nc2 41. Kf2 Na3 42. Ke3 Nxc4+ 43. Nxc4 Bxb5 44. Nxb6 Bc6 45. g4 Kg7 46. Kf4
h6 47. h4 g5+ 48. hxg5 hxg5+ 49. Kxg5 Bf3 1/2-1/2

[Event "Czech open A"]
[Site "?"]
[Date "2013.07.19"]
[Round "1.49"]
[White "Golubov, Saveliy"]
[Black "Akesson, Ralf"]
[Result "1/2-1/2"]
[ECO "B40"]
[WhiteElo "2242"]
[BlackElo "2469"]
[PlyCount "112"]
[EventDate "2013.??.??"]
[TimeControl "6000+880"]
[WhiteClock "0:27:16"]
[BlackClock "0:11:56"]

1. e4 c5 2. Nf3 e6 3. c4 Nc6 4. Nc3 Nf6 5. Be2 d5 6. exd5 exd5 7. d4 Be7 8. O-O
O-O 9. cxd5 Nxd5 10. Nxd5 Qxd5 11. dxc5 Qxc5 12. Be3 Qb4 13. Qc2 Be6 14. a3 Qb3
15. Qxb3 Bxb3 16. Nd2 Bd5 17. Bf3 Rfd8 18. Bxd5 Rxd5 19. Ne4 Rad8 20. Nc3 R5d7
21. Rfd1 Nd4 22. Bxd4 Rxd4 23. Rxd4 Rxd4 24. Rd1 Rxd1+ 25. Nxd1 f5 26. a4 Kf7
27. Kf1 Ke6 28. Ke2 Kd6 29. Kd3 Kc5 30. b3 g6 31. Nc3 Bd6 32. h3 Be5 33. Ne2 a6
34. Kc2 Bf6 35. Kd3 Bh4 36. f3 Bf6 37. Kc2 Be5 38. Kd3 Kb4 39. Kc2 Kc5 40. Kd3
Bd6 41. Kc2 Kd5 42. Kd3 h5 43. Nc3+ Ke5 44. Ne2 Kd5 45. Nc3+ Kc5 46. Ne2 Be5
47. Kc2 g5 48. Kd3 Kd5 49. Nc1 g4 50. fxg4 fxg4 51. hxg4 hxg4 52. Ne2 Bd6 53.
Nc3+ Ke5 54. Ne2 Bc5 55. Nc3 Kf4 56. Ne2+ Ke5 1/2-1/2

[Event "Czech open A"]
[Site "?"]
[Date "2013.07.19"]
[Round "1.50"]
[White "Breder, Dennis"]
[Black "Havlikova, Kristyna"]
[Result "1-0"]
[ECO "B31"]
[WhiteElo "2465"]
[BlackElo "2241"]
[PlyCount "91"]
[EventDate "2013.??.??"]
[TimeControl "6000+1570"]
[WhiteClock "0:25:42"]
[BlackClock "0:29:42"]

1. e4 c5 2. Nf3 Nc6 3. Bb5 g6 4. O-O Bg7 5. c3 Nf6 6. Re1 O-O 7. d4 cxd4 8.
cxd4 d5 9. e5 Ne4 10. Bxc6 bxc6 11. Nbd2 c5 12. dxc5 Nxc5 13. Nb3 Ne6 14. Nbd4
Qb6 15. b3 Qa6 16. a4 Bd7 17. Ba3 Rfe8 18. Nxe6 Bxe6 19. Nd4 Bd7 20. Rc1 Rac8
21. Rxc8 Qxc8 22. Qd2 Qb8 23. Qe3 Qb6 24. f4 Qb7 25. h3 Bf5 26. Nxf5 gxf5 27.
e6 fxe6 28. Qxe6+ Kh8 29. Qf7 Rf8 30. Qxe7 Qxb3 31. Bd6 Qb6+ 32. Kh2 Qd8 33.
Qe6 Rg8 34. Qxd5 Qh4 35. Re3 Qf2 36. Rg3 Qd4 37. Qxd4 Bxd4 38. Be5+ Bxe5 39.
Rxg8+ Kxg8 40. fxe5 f4 41. g3 f3 42. g4 Kf7 43. Kg3 Ke6 44. Kxf3 Kxe5 45. a5 a6
46. h4 1-0

[Event "Czech open A"]
[Site "?"]
[Date "2013.07.19"]
[Round "1.51"]
[White "Wagener, Claude"]
[Black "Fernando, Diogo"]
[Result "0-1"]
[ECO "B63"]
[WhiteElo "2240"]
[BlackElo "2465"]
[PlyCount "108"]
[EventDate "2013.??.??"]
[TimeControl "6000+900"]
[WhiteClock "0:32:27"]
[BlackClock "0:21:09"]

1. e4 c5 2. Nf3 d6 3. d4 cxd4 4. Nxd4 Nf6 5. Nc3 Nc6 6. Bg5 e6 7. Qd2 Qb6 8.
Nb3 a6 9. O-O-O Qc7 10. Kb1 b5 11. f4 b4 12. Bxf6 gxf6 13. Ne2 Bd7 14. Ng3 Be7
15. f5 a5 16. Nd4 Nxd4 17. Qxd4 Qc5 18. Qxc5 dxc5 19. Be2 O-O-O 20. Rhf1 Kc7
21. Nh5 Rhf8 22. g4 Bc8 23. Bc4 Rxd1+ 24. Rxd1 Rd8 25. Rxd8 Bxd8 26. Nf4 Kd6
27. Nd3 Bb7 28. Kc1 Bxe4 29. Kd2 exf5 30. Nf2 Bc6 31. gxf5 Ke5 32. Bxf7 Kxf5
33. Nd3 Be7 34. Ke3 Bd6 35. h3 Kg5 36. Be6 f5 37. Nf2 Be5 38. Nd1 Be4 39. c3
Bc2 40. Kd2 Be4 41. Nf2 Bf4+ 42. Ke2 Bb7 43. c4 Bd6 44. Nd3 h5 45. Kf2 Be4 46.
Ke3 Bg2 47. h4+ Kxh4 48. Bxf5 Kg3 49. Ne1 Bc6 50. Nd3 h4 51. Nf2 Bf4+ 52. Ke2
Bf3+ 53. Ke1 Be3 54. Nd1 Bd4 0-1

[Event "Czech open A"]
[Site "?"]
[Date "2013.07.19"]
[Round "1.52"]
[White "Malinovsky-Jun., Karel"]
[Black "Peterson, Eric"]
[Result "1-0"]
[ECO "C17"]
[WhiteElo "2462"]
[BlackElo "2239"]
[PlyCount "98"]
[EventDate "2013.??.??"]
[TimeControl "6000+1170"]
[WhiteClock "0:17:59"]
[BlackClock "0:22:10"]

1. e4 e6 2. d4 d5 3. Nc3 Bb4 4. e5 c5 5. a3 Ba5 6. b4 cxd4 7. Qg4 Kf8 8. Nb5
Bb6 9. Nf3 Nc6 10. Bb2 Nge7 11. Bd3 Ng6 12. Qg3 f6 13. Bxg6 hxg6 14. Nbxd4 Nxe5
15. Nxe5 fxe5 16. Nf3 Qf6 17. Nxe5 Kg8 18. O-O Rh5 19. h3 Rg5 20. Qh2 Bc7 21.
f4 Rh5 22. c4 dxc4 23. Nxc4 Qe7 24. Qg3 Kh7 25. Ne5 Bxe5 26. Bxe5 Bd7 27. Rac1
Qd8 28. Qe3 Rc8 29. Rxc8 Bxc8 30. Rc1 Rf5 31. Rc7 Qd1+ 32. Kh2 Bd7 33. Rxb7 a6
34. Ra7 g5 35. fxg5 Qd5 36. Bg3 Bc6 37. Qe2 Rxg5 38. Qc2+ Kg8 39. Rxa6 Rxg3 40.
Rxc6 Rxa3 41. Rc8+ Kf7 42. Rc7+ Kf8 43. Qf2+ Qf5 44. Qd4 Qf6 45. Qd6+ Kg8 46.
b5 Rb3 47. b6 Rb2 48. b7 Qf3 49. b8=Q+ Rxb8 1-0

[Event "Czech open A"]
[Site "?"]
[Date "2013.07.19"]
[Round "1.53"]
[White "Kratochvil, Josef"]
[Black "Potapov, Pavel"]
[Result "0-1"]
[ECO "B30"]
[WhiteElo "2238"]
[BlackElo "2460"]
[PlyCount "54"]
[EventDate "2013.??.??"]
[TimeControl "6000+1070"]
[WhiteClock "0:01:31"]
[BlackClock "0:28:39"]

1. e4 c5 2. Nf3 Nc6 3. Nc3 e5 4. Bc4 Be7 5. d3 d6 6. Be3 Nf6 7. h3 O-O 8. a4 h6
9. Qd2 Be6 10. O-O d5 11. exd5 Nxd5 12. Nxd5 Bxd5 13. Bxd5 Qxd5 14. Nh2 Rad8
15. Qe2 f5 16. f4 Bf6 17. Rae1 exf4 18. Rxf4 Be5 19. Rc4 b6 20. Nf3 Bxb2 21.
Qf2 Bf6 22. Nh4 Ne5 23. Rf4 Bxh4 24. Rxh4 Rf6 25. c4 Qc6 26. Qg3 Rg6 27. Rxh6
gxh6 0-1

[Event "Czech open A"]
[Site "?"]
[Date "2013.07.19"]
[Round "1.54"]
[White "Sochacki, Christophe"]
[Black "Valli, Frans"]
[Result "1-0"]
[ECO "B01"]
[WhiteElo "2459"]
[BlackElo "2237"]
[PlyCount "73"]
[EventDate "2013.??.??"]
[TimeControl "6000+1495"]
[WhiteClock "0:16:33"]
[BlackClock "0:00:35"]

1. e4 d5 2. exd5 Qxd5 3. Nc3 Qd6 4. d4 Nf6 5. Nf3 c6 6. g3 Bf5 7. Bg2 h6 8. O-O
e6 9. Re1 Be7 10. Ne5 O-O 11. h4 Bh7 12. g4 Nfd7 13. Nf3 Na6 14. g5 hxg5 15.
hxg5 Nb4 16. Ne4 Qc7 17. c4 Rad8 18. a3 Na6 19. b4 c5 20. d5 Nb6 21. b5 Nb8 22.
Nc3 exd5 23. cxd5 Rfe8 24. a4 Bd6 25. Ra2 N8d7 26. Rae2 Qb8 27. Ne4 Bxe4 28.
Rxe4 Rxe4 29. Rxe4 Re8 30. Qe2 Rxe4 31. Qxe4 Qd8 32. g6 Nf6 33. gxf7+ Kxf7 34.
Ng5+ Kf8 35. Ne6+ Ke7 36. Bg5 Qg8 37. Nxg7+ 1-0

[Event "Czech open A"]
[Site "?"]
[Date "2013.07.19"]
[Round "1.55"]
[White "Dorst, Johannes"]
[Black "Zorko, Jure"]
[Result "0-1"]
[ECO "B43"]
[WhiteElo "2236"]
[BlackElo "2459"]
[PlyCount "154"]
[EventDate "2013.??.??"]
[TimeControl "6000+1290"]
[WhiteClock "0:10:14"]
[BlackClock "0:02:50"]

1. e4 c5 2. Nc3 e6 3. Nf3 a6 4. d4 cxd4 5. Nxd4 b5 6. Bd3 Qb6 7. Nb3 Qc7 8. O-O
Nf6 9. f4 b4 10. Ne2 Bb7 11. e5 Nd5 12. Ng3 Nc6 13. Qe2 a5 14. Ne4 a4 15. Nbd2
Nd4 16. Qf2 Nf5 17. Nc4 h5 18. a3 bxa3 19. Ned6+ Nxd6 20. Nxd6+ Bxd6 21. exd6
Qxd6 22. Rxa3 f5 23. Qd4 O-O 24. c4 Qb4 25. Qf2 Nf6 26. Be2 Rac8 27. Rh3 g6 28.
Qh4 Kf7 29. Rd1 Rh8 30. Bd2 Qe7 31. Bc3 Bc6 32. Be5 Rh7 33. Qe1 Ne4 34. Kf1 Qc5
35. Bd4 Qd6 36. Be5 Qe7 37. Qa5 Ra8 38. Qc7 Qd8 39. Qxd8 Rxd8 40. Ra3 Rc8 41.
Bf3 h4 42. Bxe4 fxe4 43. Kf2 Rg8 44. Ke3 Rh5 45. Kd4 Rf5 46. Rh3 Rh5 47. Rh1 e3
48. Rg1 e2 49. Re3 d6 50. Rxe2 dxe5+ 51. fxe5 Ke7 52. g4 hxg3 53. Rxg3 Rh4+ 54.
Kc5 Rc8 55. Kb4 Rb8+ 56. Kc5 Be8 57. Rc3 Rf4 58. Rc1 g5 59. Rg2 g4 60. Rc3 Re4
61. h3 gxh3 62. Rxh3 Rc8+ 63. Kb6 Rcxc4 64. Rh7+ Bf7 65. Kb5 Rb4+ 66. Ka5 Rbd4
67. Rf2 Rf4 68. Rc2 Rd7 69. Rc3 Re4 70. Rf3 Rxe5+ 71. Kxa4 Rf5 72. Rc3 Ra7+ 73.
Kb3 Rb7+ 74. Kc2 Rf2+ 75. Kc1 Rfxb2 76. Rf3 Rb1+ 77. Kc2 R7b2+ 0-1

[Event "Czech open A"]
[Site "?"]
[Date "2013.07.19"]
[Round "1.56"]
[White "Matsenko, Sergei"]
[Black "Goebel, Constantin"]
[Result "1-0"]
[ECO "B32"]
[WhiteElo "2458"]
[BlackElo "2235"]
[PlyCount "91"]
[EventDate "2013.??.??"]
[TimeControl "6000+1440"]
[WhiteClock "0:13:05"]
[BlackClock "0:32:53"]

1. e4 c5 2. Nf3 Nc6 3. d4 cxd4 4. Nxd4 e5 5. Nb5 d6 6. c4 Be7 7. N1c3 a6 8. Na3
f5 9. exf5 Bxf5 10. Bd3 Be6 11. O-O Nf6 12. Nc2 O-O 13. Ne3 Nd4 14. b3 b5 15.
Ne4 bxc4 16. bxc4 Rc8 17. Bb2 Qb6 18. Rb1 Qa5 19. a3 g6 20. Bc3 Qc7 21. Qd2 d5
22. Ng5 Qd7 23. Nxe6 Qxe6 24. cxd5 Nxd5 25. Bxd4 exd4 26. Bc4 Rxc4 27. Nxc4 Nf4
28. Rfe1 Qxc4 29. Rxe7 Qd5 30. f3 Qg5 31. Qa2+ Kh8 32. Re4 d3 33. Kh1 Rc8 34.
Qb2+ Kg8 35. Qb3+ Kh8 36. g3 Nh3 37. Qb2+ Kg8 38. Qb3+ Kh8 39. Qb2+ Kg8 40. Rf1
d2 41. Kg2 Rc1 42. Qb3+ Kg7 43. Rd1 Qc5 44. Rxd2 Ng5 45. Qb2+ Rc3 46. Rd3 1-0

[Event "Czech open A"]
[Site "?"]
[Date "2013.07.19"]
[Round "1.57"]
[White "Grigoriev, Evgeny"]
[Black "Smith, Bryan"]
[Result "0-1"]
[ECO "A37"]
[WhiteElo "2235"]
[BlackElo "2456"]
[PlyCount "64"]
[EventDate "2013.??.??"]
[TimeControl "6000+880"]
[WhiteClock "0:08:57"]
[BlackClock "0:10:38"]

1. c4 g6 2. Nc3 Bg7 3. g3 c5 4. Bg2 Nc6 5. Nf3 d6 6. O-O Qd7 7. e3 Bxc3 8. bxc3
b6 9. d3 Bb7 10. e4 O-O-O 11. Be3 f5 12. Nd2 Nf6 13. Bg5 Rdf8 14. a4 fxe4 15.
Bxf6 exf6 16. Bxe4 f5 17. Bg2 f4 18. Nf3 Rhg8 19. Ng5 Kb8 20. d4 Qf5 21. dxc5
Rd8 22. Qd5 dxc5 23. Qxf5 gxf5 24. Ne6 Rd3 25. Nxf4 Rxc3 26. Rfc1 Rxc1+ 27.
Rxc1 Re8 28. Bd5 Nd4 29. Rb1 Ne2+ 30. Nxe2 Bxd5 31. cxd5 Rxe2 32. h4 Rd2 0-1

[Event "Czech open A"]
[Site "?"]
[Date "2013.07.19"]
[Round "1.58"]
[White "Gavrilov, Alexei"]
[Black "Matsenko, Andrei"]
[Result "1-0"]
[ECO "D45"]
[WhiteElo "2452"]
[BlackElo "2235"]
[PlyCount "51"]
[EventDate "2013.??.??"]
[TimeControl "6000+910"]
[WhiteClock "0:15:45"]
[BlackClock "0:14:01"]

1. d4 d5 2. c4 c6 3. Nc3 Nf6 4. e3 e6 5. Nf3 Nbd7 6. Qc2 Bd6 7. Be2 O-O 8. O-O
dxc4 9. Bxc4 b5 10. Be2 Bb7 11. Rd1 Qe7 12. Ng5 Rac8 13. Bf3 h6 14. Nge4 Bb8
15. Ng3 a6 16. Bd2 Nd5 17. Rac1 e5 18. Qf5 g6 19. Qh3 h5 20. Bxh5 gxh5 21. Nf5
Qf6 22. e4 Nf4 23. Bxf4 exf4 24. e5 Qg5 25. Ne4 Qg4 26. Nh6+ 1-0

[Event "Czech open A"]
[Site "?"]
[Date "2013.07.19"]
[Round "1.59"]
[White "Formento, Paolo"]
[Black "Vokac, Marek"]
[Result "0-1"]
[ECO "B15"]
[WhiteElo "2234"]
[BlackElo "2450"]
[PlyCount "86"]
[EventDate "2013.??.??"]
[TimeControl "6000+975"]
[WhiteClock "0:25:42"]
[BlackClock "0:27:54"]

1. d4 g6 2. e4 Bg7 3. Nc3 c6 4. f4 d5 5. e5 h5 6. Bd3 Nh6 7. Nf3 Bf5 8. O-O e6
9. b3 Nd7 10. Ne2 Bxd3 11. Qxd3 Nf5 12. c4 Bf8 13. Bd2 Be7 14. Rac1 a6 15. cxd5
cxd5 16. Qc3 Qb8 17. g3 Qa7 18. Kg2 Bd8 19. h3 Ne7 20. g4 Rc8 21. Qd3 Rxc1 22.
Bxc1 Nb8 23. a4 Nbc6 24. Ba3 Qb8 25. Rc1 Ba5 26. Ng3 hxg4 27. hxg4 Bb4 28. Bxb4
Nxb4 29. Qd2 Nbc6 30. b4 Qd8 31. a5 Qd7 32. Qc3 Nd8 33. Nh1 Nec6 34. Nf2 Qe7
35. Rb1 Na7 36. Nd3 Nb5 37. Qb2 Nc6 38. Nc5 Nbxd4 39. Nxd4 Qh4 40. Nf3 Qxg4+
41. Kf2 Rh3 42. Qe2 Nd4 43. Nxd4 Qg3+ 0-1

[Event "Czech open A"]
[Site "?"]
[Date "2013.07.19"]
[Round "1.60"]
[White "Plat, Vojtech"]
[Black "Frischmann, Rick"]
[Result "1-0"]
[ECO "B41"]
[WhiteElo "2447"]
[BlackElo "2234"]
[PlyCount "45"]
[EventDate "2013.??.??"]
[TimeControl "6000+1450"]
[WhiteClock "1:19:15"]
[BlackClock "0:26:27"]

1. e4 c5 2. Nf3 e6 3. d4 cxd4 4. Nxd4 a6 5. c4 Qc7 6. Be3 Nf6 7. Bd3 d6 8. Nc3
g6 9. O-O Bg7 10. Rc1 O-O 11. b4 b6 12. h3 Bb7 13. f4 Nbd7 14. Nb3 Rac8 15. Qd2
Qb8 16. Rfd1 Qa8 17. Qf2 Nxe4 18. Nxe4 Bxe4 19. Bxe4 Qxe4 20. Rxd6 Rfd8 21.
Rcd1 Qb7 22. Bxb6 Bf8 23. Na5 1-0

[Event "Czech open A"]
[Site "?"]
[Date "2013.07.19"]
[Round "1.61"]
[White "Barthel, Ansgar"]
[Black "Semcesen, Daniel"]
[Result "0-1"]
[ECO "C50"]
[WhiteElo "2230"]
[BlackElo "2447"]
[PlyCount "82"]
[EventDate "2013.??.??"]
[TimeControl "6000+895"]
[WhiteClock "0:34:59"]
[BlackClock "0:41:08"]

1. e4 e5 2. Nf3 Nc6 3. Bc4 g6 4. d4 exd4 5. Nxd4 Bg7 6. Be3 Nf6 7. Nc3 O-O 8.
O-O Re8 9. f3 d6 10. Qd2 Ne5 11. Bb3 a6 12. a4 b6 13. Bg5 Bb7 14. Nd5 c5 15.
Ne2 c4 16. Ba2 Bxd5 17. exd5 b5 18. Rad1 bxa4 19. f4 Neg4 20. f5 Ne4 21. Bxd8
Nxd2 22. Rxd2 Raxd8 23. fxg6 hxg6 24. c3 Bh6 25. Nf4 Re4 26. g3 Rde8 27. Rd4
Rxd4 28. cxd4 Ne3 29. Re1 Bxf4 30. gxf4 Kf8 31. h3 Re7 32. Kf2 Nxd5 33. Rxe7
Kxe7 34. Bxc4 Nxf4 35. h4 a5 36. Bb5 Ne6 37. Ke3 Ng7 38. Kf4 Nf5 39. h5 Nxd4
40. hxg6 fxg6 41. Bxa4 Ne6+ 0-1

[Event "Czech open A"]
[Site "?"]
[Date "2013.07.19"]
[Round "1.62"]
[White "Jansa, Vlastimil"]
[Black "Gergel, Vladimir"]
[Result "0-1"]
[ECO "C78"]
[WhiteElo "2442"]
[BlackElo "2229"]
[PlyCount "184"]
[EventDate "2013.??.??"]
[TimeControl "6000+1115"]
[WhiteClock "0:07:08"]
[BlackClock "0:10:19"]

1. e4 e5 2. Nf3 Nc6 3. Bb5 a6 4. Ba4 Nf6 5. O-O b5 6. Bb3 Bc5 7. a4 Rb8 8. axb5
axb5 9. d3 d6 10. h3 h6 11. Nc3 Bd7 12. Nd5 O-O 13. c3 Nxd5 14. exd5 Ne7 15. d4
exd4 16. Nxd4 Nf5 17. Nc6 Bxc6 18. dxc6 Nh4 19. Qh5 Qf6 20. Be3 b4 21. Bd5 Ng6
22. Bxc5 dxc5 23. g3 Ne5 24. Bg2 c4 25. Ra7 Qd6 26. cxb4 Rxb4 27. Rb7 f5 28.
Ra1 Kh7 29. Raa7 Rf7 30. Kh2 g6 31. Qe2 Re7 32. Qc2 f4 33. Qc3 Nd3 34. Rxb4
Qxb4 35. Qxb4 Nxb4 36. gxf4 Nd3 37. Rb7 Kg7 38. Kg3 Kf6 39. Bf3 h5 40. Bd5 Kf5
41. h4 Nxf4 42. Bxc4 Ne6 43. Bxe6+ Kxe6 44. b4 Kd6 45. b5 Re4 46. Rb8 Rg4+ 47.
Kh3 g5 48. hxg5 Rxg5 49. f4 Rg4 50. f5 Rf4 51. Rf8 Kc5 52. Kg3 Rg4+ 53. Kf3
Kxb5 54. Rf6 Rg1 55. Kf4 h4 56. Rh6 Rh1 57. f6 h3 58. Kg3 Rf1 59. f7 Rxf7 60.
Kxh3 Rg7 61. Re6 Kb6 62. Kh2 Rg5 63. Kh3 Rc5 64. Kg3 Rxc6 65. Re1 Rf6 66. Rb1+
Kc6 67. Rc1+ Kd7 68. Rd1+ Kc8 69. Rc1 c6 70. Kg4 Kb7 71. Kg5 Rf2 72. Rb1+ Kc7
73. Rc1 Kd6 74. Rd1+ Ke5 75. Re1+ Kd4 76. Rd1+ Kc3 77. Rc1+ Rc2 78. Re1 c5 79.
Kf4 c4 80. Ke3 Rh2 81. Rc1+ Kb3 82. Rb1+ Kc2 83. Ra1 Kb2 84. Ra8 c3 85. Rb8+
Kc1 86. Kd3 c2 87. Rg8 Rh3+ 88. Ke2 Rh1 89. Rb8 Rd1 90. Rb7 Rd8 91. Rb6 Re8+
92. Kf2 Re5 0-1

[Event "Czech open A"]
[Site "?"]
[Date "2013.07.19"]
[Round "1.63"]
[White "Postupa, Pavel"]
[Black "Malakhov, Igor"]
[Result "0-1"]
[ECO "B36"]
[WhiteElo "2229"]
[BlackElo "2442"]
[PlyCount "144"]
[EventDate "2013.??.??"]
[TimeControl "6000+1395"]
[WhiteClock "0:02:35"]
[BlackClock "1:14:41"]

1. e4 c5 2. Nf3 Nc6 3. d4 cxd4 4. Nxd4 g6 5. c4 Nf6 6. Nc3 d6 7. Be2 Nxd4 8.
Qxd4 Bg7 9. Be3 O-O 10. Qd2 a5 11. O-O a4 12. f3 Qa5 13. Rac1 Be6 14. Nd5 Qxd2
15. Nxe7+ Kh8 16. Bxd2 Rfe8 17. Nd5 Nxd5 18. cxd5 Bxd5 19. Bb5 Re5 20. Bxa4
Bxa2 21. b3 Rc5 22. Rxc5 Bd4+ 23. Kh1 dxc5 24. Rc1 b5 25. Bxb5 Bxb3 26. Bc6 Rc8
27. Bc3 Rd8 28. h3 Kg7 29. Bxd4+ cxd4 30. Bd5 Bxd5 31. exd5 Rxd5 32. Kg1 Kf6
33. Kf2 Ra5 34. Rc2 h5 35. h4 Ke5 36. Rc7 Ra2+ 37. Kg3 f6 38. Rd7 Ra6 39. Kf2
Rd6 40. Re7+ Kd5 41. g4 Re6 42. Rd7+ Ke5 43. gxh5 gxh5 44. Rh7 Kf4 45. Rd7 Ke5
46. Rh7 Ra6 47. Re7+ Kd6 48. Re8 Ra5 49. Rd8+ Ke5 50. Re8+ Kd5 51. Ke2 Kc4 52.
Rc8+ Rc5 53. Rf8 Re5+ 54. Kd2 Rf5 55. Ke2 Rf4 56. Rc8+ Kd5 57. Rd8+ Ke5 58.
Re8+ Kf5 59. Kf2 Rxh4 60. Kg2 Rf4 61. Re7 h4 62. Kf2 Kg6 63. Rd7 h3 64. Kg3 Rh4
65. Kh2 Kf5 66. Rd8 Ke5 67. Re8+ Kd5 68. Rc8 d3 69. Ra8 Rd4 70. Ra1 d2 71. Rd1
Kc4 72. Kxh3 Kd3 0-1

[Event "Czech open A"]
[Site "?"]
[Date "2013.07.19"]
[Round "1.64"]
[White "Mammadov, Zaur"]
[Black "Wenninger, Philipp"]
[Result "1-0"]
[ECO "B10"]
[WhiteElo "2437"]
[BlackElo "2229"]
[PlyCount "113"]
[EventDate "2013.??.??"]
[TimeControl "6000+1180"]
[WhiteClock "0:50:03"]
[BlackClock "0:00:52"]

1. e4 c6 2. c4 d5 3. exd5 cxd5 4. cxd5 Nf6 5. Bb5+ Nbd7 6. Nc3 g6 7. d4 Bg7 8.
d6 O-O 9. dxe7 Qxe7+ 10. Nge2 a6 11. Bd3 b5 12. O-O Bb7 13. Qb3 Nb6 14. Bg5 Qd7
15. f3 Nfd5 16. Ne4 Bc6 17. Rac1 Rac8 18. Nc5 Qa7 19. Bh4 Rfe8 20. Ne4 Qd7 21.
Rfe1 Kh8 22. Bg3 Re7 23. Kh1 Ba8 24. Rxc8+ Qxc8 25. Rc1 Qe8 26. Qa3 Ra7 27. Nf4
Nxf4 28. Bxf4 Bxd4 29. Bxb5 Qe7 30. Bd6 Qd8 31. Bc6 Bg7 32. b3 Nc8 33. Bxa8
Rxa8 34. Bc7 Qe8 35. Qc5 f5 36. Rd1 Ne7 37. Nd6 Qf8 38. Re1 Ng8 39. Qc4 h6 40.
Re6 Kh7 41. h3 Nf6 42. Qc6 Nh5 43. Nc4 f4 44. Rxg6 Qe8 45. Ne5 Ng3+ 46. Kh2 Rc8
47. Qc2 Kh8 48. Rc6 Kg8 49. Qc4+ Kh8 50. Re6 Qxe6 51. Qxe6 Rxc7 52. Ng6+ Kh7
53. Nxf4 Nf1+ 54. Kg1 Rc1 55. Kf2 Bd4+ 56. Ke2 Be3 57. Qf7+ 1-0

[Event "Czech open A"]
[Site "?"]
[Date "2013.07.19"]
[Round "1.65"]
[White "Jedlicka, Ales"]
[Black "Sergeev, Vladimir"]
[Result "1/2-1/2"]
[ECO "A56"]
[WhiteElo "2226"]
[BlackElo "2436"]
[PlyCount "185"]
[EventDate "2013.??.??"]
[TimeControl "6000+1150"]
[WhiteClock "0:03:37"]
[BlackClock "0:01:15"]

1. d4 Nf6 2. c4 c5 3. d5 e5 4. Nc3 d6 5. e4 Be7 6. Nf3 Nbd7 7. Be2 a6 8. a4 O-O
9. O-O b6 10. Ne1 Ne8 11. Nd3 Bg5 12. Rb1 Bxc1 13. Qxc1 g6 14. f4 exf4 15. Qxf4
Qf6 16. Qxf6 Nexf6 17. e5 dxe5 18. Nxe5 Nxe5 19. Rxf6 Bf5 20. Re1 Rab8 21. h3
Kg7 22. Rd6 Rfe8 23. Kf2 Bc2 24. Bf1 h5 25. Re3 a5 26. Be2 h4 27. Nb5 Re7 28.
b3 Bf5 29. Nc7 f6 30. Na6 Rbb7 31. Rd8 Red7 32. Rxd7+ Rxd7 33. Nb8 Rd6 34. Na6
Kf7 35. Nc7 Bd7 36. Bd3 Ke7 37. Bc2 Kd8 38. Nb5 Bxb5 39. axb5 Rd7 40. Re2 Kc7
41. Re4 Rh7 42. Rf4 f5 43. g4 hxg3+ 44. Kxg3 Kd6 45. h4 Ng4 46. h5 Rxh5 47. Bd1
Nf6 48. Bxh5 Nxh5+ 49. Kf3 Nxf4 50. Kxf4 Kd7 51. Kg5 Ke7 52. Kf4 Kf6 53. Kf3 g5
54. Kg3 Kg6 55. Kf3 g4+ 56. Kg3 Kg5 57. Kg2 f4 58. Kf2 Kf5 59. Kg2 Kf6 60. Kf2
Ke7 61. Ke2 Kd6 62. Kf2 Ke5 63. Kg2 Kf5 64. Kf2 f3 65. Kg3 Ke5 66. Kf2 Kf5 67.
Kg3 Kg5 68. Kf2 Kf4 69. d6 g3+ 70. Kf1 Ke3 71. d7 g2+ 72. Kg1 f2+ 73. Kxg2 Ke2
74. d8=Q f1=Q+ 75. Kh2 Qf4+ 76. Kg2 Qf3+ 77. Kh2 Kf1 78. Qg5 Qf2+ 79. Kh3 Qf3+
80. Kh2 Qxb3 81. Qf6+ Ke2 82. Qxb6 Qxc4 83. Qxa5 Qc2 84. Kg3 c4 85. b6 Qd3+ 86.
Kg4 c3 87. b7 Qf3+ 88. Kg5 Qe3+ 89. Kf5 Qh3+ 90. Kg6 Qd3+ 91. Qf5 Qa6+ 92. Kg5
Qxb7 93. Qc2+ 1/2-1/2

[Event "Czech open A"]
[Site "?"]
[Date "2013.07.19"]
[Round "1.66"]
[White "Kidambi, Sundararajan"]
[Black "Wittmann, Walter"]
[Result "1-0"]
[ECO "A37"]
[WhiteElo "2435"]
[BlackElo "2224"]
[PlyCount "67"]
[EventDate "2013.??.??"]
[TimeControl "6000+1140"]
[WhiteClock "0:05:33"]
[BlackClock "0:11:20"]

1. c4 c5 2. g3 Nc6 3. Bg2 g6 4. Nc3 Bg7 5. Nf3 e6 6. d3 Nge7 7. Bg5 h6 8. Bd2
O-O 9. O-O b6 10. a3 Bb7 11. Rb1 a5 12. Nb5 d5 13. cxd5 Nxd5 14. Qc1 Kh7 15. e4
Nde7 16. b4 axb4 17. axb4 Nxb4 18. Bxb4 cxb4 19. Rxb4 Nc6 20. Rb1 Na7 21. Nxa7
Rxa7 22. Rd1 Ra2 23. Qe3 Ra6 24. d4 Qa8 25. Ne5 Ra3 26. Qf4 g5 27. Qg4 f5 28.
Qh5 Bxe4 29. Bxe4 Qxe4 30. Qg6+ Kh8 31. Nf7+ Rxf7 32. Qxf7 Ra2 33. Rbc1 f4 34.
Rc7 1-0